 Dungeon Crawl Stone Soup version 0.28.0-53-g5a82cb258f (webtiles) character file.

Game seed: 12404995499777544218

49 DildoBatman the Conjurer (level 4, -4/30 HPs)
             Began as a Formicid Conjurer on May 28, 2022.
             Killed by divine providence
             ... invoked by an orc priest
              (14 damage)
             ... on level 3 of the Dungeon.
             The game lasted 00:02:41 (814 turns).

DildoBatman the Conjurer (Formicid Conjurer)         Turns: 814, Time: 00:02:42

Health: -4/30      AC:  2    Str: 12    XL:     4   Next: 1%
Magic:  4/7        EV: 12    Int: 17    God:
Gold:   54         SH:  5    Dex: 11    Spells: 4/7 levels left

rFire   . . .      SeeInvis +   b - +0 spear
rCold   . . .      Faith    .   (no shield)
rNeg    . . .      Spirit   .   h - +0 robe
rPois   .          Reflect  +   (helmet unavailable)
rElec   .          Harm     .   (no cloak)
rCorr   .          Rampage  .   (no gloves)
Will    .....                   (no boots)
Stlth   ++........              g - amulet of reflection
HPRegen 0.10/turn               (no ring)
MPRegen 0.10/turn               (no ring)

@: no status effects
A: permanent stasis, dig shafts and tunnels, antennae 3, four strong arms
a: Dig, Shaft Self


You were on level 3 of the Dungeon.
You visited 1 branch of the dungeon, and saw 3 of its levels.

You collected 54 gold pieces.

Inventory:

Hand Weapons
 a - a +0 short sword
 b - a +0 spear (weapon)
Missiles
 d - 44 stones
 l - 5 boomerangs
Armour
 h - a +0 robe (worn)
Jewellery
 g - an amulet of reflection (around neck)
Scrolls
 c - 3 scrolls of identify {unknown}
 f - a scroll of teleportation {unknown}
 k - a scroll of blinking {unknown}
 m - a scroll of magic mapping {unknown}
 n - a scroll of vulnerability {unknown}
Potions
 e - a potion of heal wounds {unknown}
 i - a potion of lignification {unknown}
 j - a potion of cancellation {unknown}


   Skills:
 - Level 1.7 Dodging
 - Level 2.4 Stealth
 - Level 2.1 Spellcasting
 * Level 4.8 Conjurations


You had 4 spell levels left.
You knew the following spells:

 Your Spells              Type           Power      Damage    Failure   Level
a - Searing Ray           Conj           36%        2d5       3%          2
c - Magic Dart            Conj           72%        1d6       2%          1

Your spell library contained the following spells:

 Spells                   Type           Power      Damage    Failure   Level
 Dazzling Flash           Conj/Hex       20%        N/A       22%         3
 Fulminant Prism          Conj/Hex       5%         3d7       56%         4
 Iskenderun's Mystic Bla  Conj/Tloc      10%        2d4       56%         4


Dungeon Overview and Level Annotations

Branches:
Dungeon (3/15)

Altars:


Innate Abilities, Weirdness & Mutations

You cannot be hasted, slowed, berserked, paralysed or teleported.
You can dig through walls and to a lower floor.
You have a pair of large antennae on your head. (SInv)
Your four strong arms can wield two-handed weapons with a shield.


Message History

The orc hits you with a +0 whip.
The orc priest casts a cantrip, but nothing happens.
You block the orc's attack. What are your orders? t - Shout!
Orders for allies: a - Attack new target. r - Retreat! s - Stop attacking. g - Guard the area. f - Follow me.
Anything else - Cancel.
You shout for attention!
The orc misses you. The hobgoblin closely misses you.
You block the orc's attack. x2
What are your orders? t - Shout!
Orders for allies: a - Attack new target. r - Retreat! s - Stop attacking. g - Guard the area. f - Follow me.
Anything else - Cancel.
You shout for attention!
The orc hits you with a +0 mace. The hobgoblin hits you.
You block the orc's attack.
The orc priest miscasts a cantrip.
The orc priest invokes the aid of Beogh against you.
Pain shoots through your body! You block the orc's attack.
What are your orders? t - Shout!
Orders for allies: a - Attack new target. r - Retreat! s - Stop attacking. g - Guard the area. f - Follow me.
Anything else - Cancel.
You shout for attention!
You block the orc's attack. The hobgoblin hits you. The orc barely misses you.
The orc priest calls down the wrath of Beogh upon you.
Beogh smites you!
You die...

# ####. #
###....
..#.....##
.........## .
.......o..#....
.....o.@o......
......oog.#....
..........# #
..........#
..........#
.........##
..#.....##
#########


You could see 2 orc priests, 3 orcs and a hobgoblin.

Vanquished Creatures
  An adder (D:2)
  2 dart slugs (D:1)
  5 endoplasms
  3 giant cockroaches
  3 hobgoblins (D:2)
  A kobold (D:2)
  3 quokkas (D:1)
  6 ball pythons
  6 bats
  A goblin (D:2)
  2 rats (D:2)
33 creatures vanquished.

Notes
Turn   | Place    | Note
-------+----------+-------------------------------------------
     0 | D:1      | DildoBatman the Formicid Conjurer began the quest for the
                  | Orb.
     0 | D:1      | Reached XP level 1. HP: 13/13 MP: 3/3
   135 | D:1      | Reached skill level 4 in Conjurations
   135 | D:1      | Reached XP level 2. HP: 18/19 MP: 3/5
   138 | D:1      | Learned a level 2 spell: Searing Ray
   316 | D:1      | Found a faded altar of an unknown god.
   372 | D:1      | Reached XP level 3. HP: 23/24 MP: 6/6
   807 | D:2      | Reached XP level 4. HP: 22/30 MP: 3/7
   814 | D:3      | Killed from afar by an orc priest

Illustrated notes

Levels and vault maps discovered:
D:1:      minmay_arrival_stone_box, layout_basic,
          hellmonk_ecumenical_altar_run_dry, kennysheep_minor_cross,
          nrook_campfire
D:2:      layout_rooms, serial_shops, shop, minmay_three_crescents, uniq_robin
D:3:      layout_rooms, chequers_temple_overflow_statue_of_worship,
          gammafunk_ghost_gnarly_gnolls

Skill      XL: |  1 |
---------------+----+-----
Conjurations   | 4 |  4.8
Dodging        | |  1.7
Stealth        | |  2.4
Spellcasting   | |  2.1

Action                   |  1- 3 |  4- 6 || total
-------------------------+-------+-------++-------
Melee: Short sword       |    29 |       ||    29
       Spear             |    31 |       ||    31
 Cast: Magic Dart        |    16 |       ||    16
       Searing Ray       |     5 |       ||     5
 Stab: Sleeping          |     2 |       ||     2
Armor: Robe              |     6 |       ||     6
Dodge: Dodged            |    44 |     9 ||    53
Block: Other             |    11 |    10 ||    21
